 Dungeon Crawl Stone Soup version 0.18.1-8-gdd0e5ea (webtiles) character file.

244 epen the Insei (level 5, 0/39 HPs)
             Began as a Demonspawn Transmuter on May 21, 2016.
             Slain by a gnoll
             ... wielding a +0 flail
              (10 damage)
             ... on level 3 of the Dungeon.
             The game lasted 00:10:57 (5614 turns).

epen the Insei (Demonspawn Transmuter)              Turns: 5614, Time: 00:10:58

Health: 0/39       AC:  4    Str: 10    XL:     5   Next: 83%
Magic:  0/8        EV: 12    Int: 16    God:
Gold:   122        SH:  0    Dex: 13    Spells: 3 memorised, 3 levels left

rFire  + . .     SeeInvis .       - Unarmed
rCold  . . .     Gourm    .     b - +0 robe
rNeg   . . .     Faith    .     (no shield)
rPois  .         Spirit   .     (no helmet)
rElec  .         Dismiss  +     (no cloak)
rCorr  .         Reflect  .     (no gloves)
SustAt .         Harm     .     (no boots)
MR     .....                    p - amulet of dismissal
Stlth  +.........               (no ring)
                                (no ring)

@: very slightly contaminated, not resistant to hostile enchantments, very
unstealthy
A: thin metallic scales 1, fire resistance 1
a: no special abilities


You were on level 3 of the Dungeon.
You were very hungry.

You visited 1 branch of the dungeon, and saw 3 of its levels.

You collected 122 gold pieces.

Inventory:

Missiles
 a - 10 arrows
Armour
 b - a +0 robe (worn)
Jewellery
 p - an amulet of dismissal (around neck)
Scrolls
 g - 3 scrolls of identify {unknown}
 j - a scroll of teleportation {unknown}
 k - a scroll of remove curse {unknown}
 n - a scroll of random uselessness {unknown}
 o - a scroll of fog {unknown}
Potions
 e - 2 potions of lignification {unknown}
 h - a potion of berserk rage {unknown}
 i - 2 potions of magic {unknown}
 l - 2 potions of agility {unknown}
 m - a potion of curing {unknown}
Books
 c - a book of Changes

   Spells                             Type                      Level
   a - Beastly Appendage              Transmutation                1
   b - Sticks to Snakes               Transmutation                2
   c - Spider Form                    Transmutation/Poison         3
   d - Ice Form                       Ice/Transmutation            4
   e - Blade Hands                    Transmutation                5
Comestibles
 d - 3 bread rations
 f - a slice of pizza
 r - a beef jerky


   Skills:
 + Level 2.3 Fighting
 + Level 2.5 Dodging
 * Level 3.9 Unarmed Combat
 + Level 2.5 Spellcasting
 * Level 3.5 Transmutations


You had 3 spell levels left.
You knew the following spells:

 Your Spells              Type           Power        Failure   Level  Hunger
a - Beastly Appendage     Trmt           ##....       6%          1    #......
b - Sticks to Snakes      Trmt           ##......     10%         2    ##.....
c - Spider Form           Trmt/Pois      #.........   34%         3    ###....


Dungeon Overview and Level Annotations

Branches:
Dungeon (3/15)

Altars:
Gozag
Ru
The Shining One


Innate Abilities, Weirdness & Mutations

You are partially covered in thin metallic scales (AC +2).
Your flesh is heat resistant.


Message History

You don't have enough magic to cast that spell.
There is an escape hatch in the floor here.
Casting: Sticks to Snakes
Confirm with . or Enter, or press ? or * to list all spells.
You create a snake!
You now have 10 arrows.
The gnoll hits you with a flail!
* * * LOW HITPOINT WARNING * * *
You closely miss the gnoll.
The gnoll is lightly wounded.
Your ball python bites the gnoll.
Your ball python barely misses the gnoll.
The gnoll misses you.
You barely miss the gnoll.
The gnoll is moderately wounded.
Your ball python bites the gnoll.
Your ball python grabs the gnoll.
Your ball python constricts the gnoll.
You are feeling very hungry.
You hit the gnoll.
The gnoll is heavily wounded.
The gnoll hits you with a flail!
You die...

#.# ######### #.# #.......# #.#
#.#####.### #.# #.# ##...## #.#
#.####..#..######.####
#.##...###.##...S....########
#.##.#..#......g............#
#.##.##...###.##@..#.######.#
.........## #.###.##.# #.#
.###.....# #..>.....# #.# .#
#.###.# #####.#### #.#
.###.###.## ##'## #.#
.#........# ##...## ###.#
.#.#..##..# ##.....## #...#
.#.#..#...# ##.......## #...##
.#.#......###.........###[...##


You could see a gnoll and a friendly ball python.

Vanquished Creatures
  A scorpion (D:3)
  Ijyb (D:3)
  3 gnolls (D:3)
  An ooze (D:3)
  A worm (D:2)
  2 dart slugs
  A giant gecko (D:2)
  An orc (D:3)
  4 giant cockroaches
  10 hobgoblins
  2 quokkas (D:3)
  A ball python (D:3)
  7 bats
  A giant newt (D:2)
  9 goblins
  13 kobolds
  9 rats
67 creatures vanquished.

Vanquished Creatures (collateral kills)
  9 gnolls
  2 adders (D:2)
  A worm (D:3)
  A dart slug (D:2)
  A goblin (D:3)
  2 hobgoblins
  A bat (D:1)
  A giant newt (D:3)
  A rat (D:2)
19 creatures vanquished.

Grand Total: 86 creatures vanquished

Notes
Turn   | Place    | Note
--------------------------------------------------------------
     0 | D:1      | epen the Demonspawn Transmuter began the quest for the Orb.
     0 | D:1      | Reached XP level 1. HP: 15/15 MP: 3/3
   601 | D:1      | Gained mutation: Your flesh is heat resistant. [demonic ancestry]
   601 | D:1      | Reached XP level 2. HP: 21/21 MP: 5/5
   608 | D:1      | Learned a level 2 spell: Sticks to Snakes
  1380 | D:2      | Reached XP level 3. HP: 18/26 MP: 1/6
  1388 | D:2      | Learned a level 3 spell: Spider Form
  2446 | D:2      | Reached XP level 4. HP: 8/32 MP: 2/7
  3713 | D:2      | Found a glowing golden altar of the Shining One.
  3884 | D:3      | Gained mutation: You are partially covered in thin metallic scales (AC +2). [demonic ancestry]
  3884 | D:3      | Reached XP level 5. HP: 13/38 MP: 4/8
  4251 | D:3      | Noticed Ijyb
  4312 | D:3      | Killed Ijyb
  4806 | D:3      | Found an opulent altar of Gozag.
  5442 | D:3      | Found a sacrificial altar of Ru.
  5614 | D:3      | Slain by a gnoll

Skill      XL: |  1  2  3  4 |
---------------+-------------+-----
Transmutations | 2 3 |  3.5
Dodging        | 2 |  2.5
Unarmed Combat | 3 |  3.9
Fighting       | 2 |  2.3
Spellcasting   | |  2.5

Action                   |  1- 3 |  4- 6 || total
-------------------------+-------+-------++-------
Melee: Unarmed           |   139 |   221 ||   360
       Punch             |       |     2 ||     2
 Cast: Sticks to Snakes  |    18 |    32 ||    50
       Beastly Appendage |       |     1 ||     1
 Stab: Sleeping          |     3 |     1 ||     4
       Distracted        |       |     4 ||     4
  Eat: Chunk             |     6 |    10 ||    16
       Pizza             |       |     1 ||     1
Armor: Robe              |    21 |    44 ||    65
Dodge: Dodged            |    73 |   141 ||   214
